 Dungeon Crawl Stone Soup version 0.18.1-48-g4cf74bf (webtiles) character file.

2313 nikopol the Spear-Bearer (level 9, -1/117 HPs)
             Began as a Minotaur Berserker on July 7, 2016.
             Was an Elder of Trog.
             Slain by a killer bee (2 damage)
             ... on level 7 of the Dungeon.
             The game lasted 00:16:54 (6009 turns).

nikopol the Spear-Bearer (Minotaur Berserker)       Turns: 6009, Time: 00:16:56

Health: -1/117     AC:  6    Str: 27    XL:     9   Next: 18%
Magic:  8/8        EV: 14    Int:  4    God:    Trog [****..]
Gold:   351        SH:  0    Dex: 13    Spells: 0 memorised, 8 levels left

rFire  + . .     SeeInvis .     x - +0 trident
rCold  . . .     Gourm    .     p - +0 leather armour {MR+}
rNeg   . . .     Faith    .     (no shield)
rPois  .         Spirit   .     (helmet restricted)
rElec  .         Dismiss  .     (no cloak)
rCorr  .         Reflect  .     (no gloves)
SustAt .         Harm     .     i - +1 pair of boots
MR     +....                    (no amulet)
Stlth  ..........               (no ring)
                                H - ring of protection from fire

@: berserking (expiring), lethally poisoned (-1 -> -29), very quick, somewhat
resistant to hostile enchantments, extremely unstealthy
A: retaliatory headbutt, horns 2
a: Berserk, Trog's Hand, Brothers in Arms, Burn Spellbooks, Renounce Religion


You were on level 7 of the Dungeon.
You worshipped Trog.
Trog was greatly pleased with you.
You were hungry.

You visited 1 branch of the dungeon, and saw 7 of its levels.
You also visited: Ossuary.

You collected 351 gold pieces.

Inventory:

Hand Weapons
 c - a +1 shortbow
 v - a +0 spear
 x - a +0 trident (weapon)
Missiles
 k - 65 arrows (quivered)
Armour
 h - a +0 scale mail
 i - a +1 pair of boots (worn)
 p - a +0 leather armour of magic resistance (worn)
Jewellery
 H - a ring of protection from fire (left hand)
Wands
 u - a wand of iceblast (12/15)
 C - a wand of teleportation (1/9)
Scrolls
 b - 3 scrolls of recharging {unknown}
 d - 5 scrolls of teleportation
 f - 6 scrolls of remove curse
 g - 3 scrolls of identify
 l - 3 scrolls of enchant weapon
 o - a scroll of blinking
 s - a scroll of enchant armour
 y - a scroll of torment {unknown}
 z - a scroll of fear {unknown}
 A - a scroll of vulnerability {unknown}
 G - a scroll of holy word {unknown}
Potions
 a - a potion of cure mutation
 e - 2 potions of curing {unknown}
 j - a potion of invisibility
 m - 4 potions of agility
 r - 3 potions of flight
 t - 3 potions of might
 w - a potion of mutation {unknown}
 E - a potion of heal wounds {unknown}
Comestibles
 n - 4 bread rations
 q - 2 meat rations
 B - 5 fruits
 D - a beef jerky


   Skills:
 + Level 6.9 Fighting
 * Level 8.7 Polearms
 * Level 6.9 Bows
 + Level 5.9 Armour
 + Level 5.3 Dodging


You had 8 spell levels left.
You didn't know any spells.

Dungeon Overview and Level Annotations

Branches:
Dungeon (7/15)             Temple (0/1) D:7

Altars:
Ashenzari
Nemelex Xobeh
Okawaru
Sif Muna
The Shining One

Shops:
D:4 (   D:7 }


Innate Abilities, Weirdness & Mutations

You reflexively headbutt those who attack you in melee.
You have a pair of horns on your head.


Message History

You feel sick. The killer bee stings you.
* * * LOW HITPOINT WARNING * * *
The killer bee stings you.
* * * LOW HITPOINT WARNING * * *
You are more poisoned.
The killer bee poisons you!
You barely miss the killer bee. Your headbutt misses the killer bee.
The killer bee is heavily wounded.
* * * LOW HITPOINT WARNING * * *
You feel sick. The killer bee stings you.
* * * LOW HITPOINT WARNING * * *
The killer bee barely misses you. You furiously retaliate!
You headbutt the killer bee. The killer bee stings you.
* * * LOW HITPOINT WARNING * * *
You puncture the killer bee!
You kill the killer bee!
Trog accepts your kill.
* * * LOW HITPOINT WARNING * * *
You feel sick. The killer bee stings you.
You die...

#...<###.# #### ##...>...# ...#
###.##### .#.# ##.## ##.# #...#
#####.# ##.# #...# #.....# ##.#
#.∩.# ####.####### ...# #...#
######..........####
########...###..@†(.(#.####.....#
###............y##......###.....#
.......................(........#
###.............##...#..###.....#
####.#...#.#.###...#....†.....#
#.#...#.#>.............#####
#.#...#.#####.#..#†###.# ###
#.#...#.# #.....)###.# #.#
######.#...#.# ##......##.###.#


You could see a killer bee.

Vanquished Creatures
  A hippogriff (D:7)
  An ice beast (D:4)
  A phantom (D:4)
  4 ogres
  An elf zombie (Ossuary)
  A giant frog (D:6)
  2 scorpions (D:6)
  5 killer bees (D:7)
  2 howler monkeys
  3 crimson imps
  8 hounds
  2 centaur zombies (Ossuary)
  3 orc priests
  4 orc wizards
  2 human zombies (Ossuary)
  2 iguanas
  5 worker ants
  2 big kobold zombies (Ossuary)
  2 mummies (Ossuary)
  A worker ant zombie (D:7)
  4 gnolls (D:2)
  6 adders
  2 oozes
  3 adder zombies
  An adder skeleton (D:6)
  3 worms (D:2)
  2 dart slugs
  2 giant geckos
  21 orcs
  A ball python (D:2)
  4 giant cockroaches
  11 goblins
  6 hobgoblins
  4 jackals (D:6)
  2 quokkas
  7 bats
  3 giant newts
  3 goblin zombies (Ossuary)
  9 hobgoblin zombies (Ossuary)
  3 jackal zombies
  8 kobolds
  7 kobold zombies (Ossuary)
  8 orc zombies (Ossuary)
  5 rats
177 creatures vanquished.

Notes
Turn   | Place    | Note
--------------------------------------------------------------
     0 | D:1      | nikopol the Minotaur Berserker began the quest for the Orb.
     0 | D:1      | Reached XP level 1. HP: 19/19 MP: 0/0
    84 | D:1      | Reached XP level 2. HP: 14/27 MP: 1/1
   310 | D:1      | Reached skill level 4 in Polearms
   520 | D:2      | Found a glowing golden altar of the Shining One.
   536 | D:2      | Reached XP level 3. HP: 30/33 MP: 2/2
   544 | D:2      | Reached ** piety under Trog
   793 | D:2      | Reached XP level 4. HP: 40/40 MP: 3/3
   836 | D:2      | Reached skill level 1 in Bows
  1432 | D:2      | Reached XP level 5. HP: 46/46 MP: 4/4
  1535 | D:3      | Reached *** piety under Trog
  1755 | D:3      | Found a deep blue altar of Sif Muna.
  2366 | D:4      | Reached skill level 5 in Polearms
  2399 | D:4      | Noticed an ice beast
  2411 | D:4      | Killed an ice beast
  2411 | D:4      | Reached XP level 6. HP: 21/53 MP: 5/5
  2761 | D:4      | Found Ediorch's Antique Weapon Shoppe.
  2826 | D:4      | Reached XP level 7. HP: 60/60 MP: 6/6
  2905 | D:4      | Reached skill level 5 in Fighting
  2949 | D:4      | Reached skill level 6 in Polearms
  3372 | D:5      | Entered Level 5 of the Dungeon
  3377 | D:5      | Found a sand-covered staircase.
  3426 | Ossuary  | Entered an ossuary
  3748 | Ossuary  | Reached skill level 5 in Bows
  3981 | D:5      | Reached XP level 8. HP: 69/69 MP: 7/7
  4255 | D:5      | Reached skill level 7 in Polearms
  4354 | D:5      | Reached skill level 5 in Armour
  4606 | D:6      | Found a shattered altar of Ashenzari.
  4689 | D:6      | Reached **** piety under Trog
  5212 | D:6      | Found a sparkling altar of Nemelex Xobeh.
  5302 | D:7      | Found a staircase to the Ecumenical Temple.
  5331 | D:7      | Reached skill level 5 in Dodging
  5399 | D:7      | Reached skill level 8 in Polearms
  5407 | D:7      | Found Mupsomaa's Gadget Shop.
  5447 | D:7      | Found an iron altar of Okawaru.
  5640 | D:7      | Received a gift from Trog
  5640 | D:7      | Reached XP level 9. HP: 51/78 MP: 8/8
  6008 | D:7      | HP: 2/117 [killer bee (5)]
  6009 | D:7      | Slain by a killer bee

Skill      XL: |  1  2  3  4  5  6  7  8 |
---------------+-------------------------+-----
Polearms       | 4 5 6 8 |  8.7
Armour         | 3 4 5 |  5.9
Fighting       | 4 5 6 |  6.9
Dodging        | 3 4 5 |  5.3
Bows           | 1 3 5 6 |  6.9

Action                   |  1- 3 |  4- 6 |  7- 9 || total
-------------------------+-------+-------+-------++-------
Melee: Spear             |    89 |    77 |   180 ||   346
       Headbutt          |    14 |    18 |    42 ||    74
       Trident           |       |       |    64 ||    64
 Fire: Shortbow          |    13 |    70 |   181 ||   264
Invok: Berserk           |       |     2 |     2 ||     4
  Use: Scroll            |       |       |    13 ||    13
  Eat: Chunk             |       |     8 |     7 ||    15
       Pizza             |       |       |     1 ||     1
       Royal jelly       |       |       |     1 ||     1
Armor: Animal skin       |     7 |       |       ||     7
       Scale mail        |    20 |    15 |    34 ||    69
       Leather armour    |       |       |    19 ||    19
Dodge: Dodged            |    23 |    22 |   112 ||   157
